 Dungeon Crawl Stone Soup version 0.22-a0-423-g4197694 (webtiles) character file.

4561 tsouns the Frost Mage (level 10, -8/64 HPs)
             Began as an Octopode Ice Elementalist on May 23, 2018.
             Was a Priest of Dithmenos.
             Mangled by a two-headed ogre
             ... wielding a +0 giant club
              (18 damage)
             ... on level 8 of the Dungeon.
             The game lasted 00:35:40 (8935 turns).

tsouns the Frost Mage (Octopode Ice Elementalist)   Turns: 8935, Time: 00:35:41

Health: -8/64      AC:  1    Str:  8    XL:     10   Next: 40%
Magic:  7/16       EV: 16    Int: 21    God:    Dithmenos [***...]
Gold:   479        SH:  0    Dex: 12    Spells: 3/17 levels left

rFire    . . .     SeeInvis .   C - +3 rapier (venom)
rCold    . . .     Gourm    .   (no shield)
rNeg     . . .     Faith    .   (helmet restricted)
rPois    +         Spirit   .   v - amulet of the acrobat
rElec    .         Reflect  .   x - ring of poison resistance
rCorr    .         Harm     .   (no ring)
MR       .....                  (no ring)
Stlth    ++++++....             (no ring)
HPRegen  0.20/turn              (no ring)
MPRegen  0.15/turn              (no ring)
                                (no ring)
                                (no ring)

@: wreathed by umbra
A: almost no armour, stealthy swim, amphibious, 8 rings, constrict 8, camouflage
1, gelatinous body 1
a: Shadow Step, Renounce Religion


You were on level 8 of the Dungeon.
You worshipped Dithmenos.
Dithmenos was most pleased with you.
You were hungry.

You visited 1 branch of the dungeon, and saw 8 of its levels.
You also visited: Ossuary.

You collected 479 gold pieces.

Inventory:

Hand Weapons
 a - a +2 morningstar of protection
 d - a +1 whip of freezing
 k - a +1 dagger of flaming
 w - a +1 dire flail of protection
 C - a +3 rapier of venom (weapon)
Missiles
 h - 4 curare-tipped needles
 p - 104 stones (quivered)
 r - 3 exploding tomahawks
Magical Staves
 q - an uncursed staff of poison
Jewellery
 v - an amulet of the acrobat (around mantle)
 x - a ring of poison resistance (left tentacle)
Wands
 c - a wand of enslavement (5)
Scrolls
 f - 6 scrolls of remove curse
 l - 2 scrolls of teleportation
 m - 2 scrolls of enchant weapon
 o - 2 scrolls of amnesia
 t - a scroll of enchant armour
 y - a scroll of fog
Potions
 e - 2 potions of brilliance
 g - 4 potions of haste
 i - a potion of agility
 j - 3 potions of resistance
 n - a potion of curing
 s - a potion of ambrosia
 z - a potion of cancellation
 A - a potion of degeneration
 B - a potion of magic
Comestibles
 b - 15 rations


   Skills:
 - Level 4.3 Fighting
 + Level 2.5 Short Blades
 + Level 5.9 Dodging
 - Level 7.3 Stealth
 + Level 4.0 Spellcasting
 + Level 7.2 Conjurations
 - Level 1.0 Charms
 - Level 3.9 Summonings
 + Level 8.0 Ice Magic


You had 3 spell levels left.
You knew the following spells:

 Your Spells              Type           Power        Failure   Level  Hunger
a - Freeze                Ice            ####         1%          1    None
b - Throw Frost           Conj/Ice       #####.       1%          2    #......
c - Ozocubu's Armour      Chrm/Ice       ###.....     5%          3    ###....
d - Throw Icicle          Conj/Ice       #####...     5%          4    ####...
e - Summon Ice Beast      Ice/Summ       ####....     11%         4    ####...

Your spell library contained the following spells:

 Spells                   Type           Power        Failure   Level  Hunger


Dungeon Overview and Level Annotations

Branches:
Dungeon (8/15)             Temple (0/1) D:4
   Lair: D:8-11

Altars:
Dithmenos
Elyvilon
Ru
Sif Muna


Innate Abilities, Weirdness & Mutations

You cannot wear most types of armour.
You are very stealthy in the water. (Stealth+)
You are amphibious.
You can wear up to eight rings at the same time.
You can use your tentacles to constrict eight enemies at once.
Your skin changes colour to match your surroundings (Stealth+).
Your rubbery body absorbs attacks. (AC +1, EV +1)


Message History

Press: ? - help, Shift-Dir - straight line, f/p - two-headed ogre
Aim: a two-headed ogre, wielding a giant club and a giant spiked club (severely wounded, umbra)
You freeze the two-headed ogre.
The two-headed ogre is severely wounded.
The two-headed ogre closely misses you. x2
An iguana comes into view.
A worker ant comes into view.
There is an escape hatch in the floor here.
You are feeling hungry.
Casting: Freeze (safe; 1% risk of failure)
Confirm with . or Enter, or press ? or * to list all spells.
Aiming: Freeze (safe; 1% risk of failure)
Press: ? - help, Shift-Dir - straight line, f/p - two-headed ogre
Aim: a two-headed ogre, wielding a giant club and a giant spiked club (heavily wounded, umbra)
You freeze the two-headed ogre.
The two-headed ogre is severely wounded.
The two-headed ogre hits you with a giant club!!
* * * LOW HITPOINT WARNING * * *
The two-headed ogre hits you with a giant spiked club!!
You die...

..<... ###.........# ...
#.........# ..
#.........# ..
###.........# #
###..........##
#...###......# ######.###
#.....(#
#........###......#
#.........@O......#
#.........##......#
#######........###......#
...............# ########
...............#
#######....<...#
#........# #........#
##########


You could see a two-headed ogre.

Vanquished Creatures
  A two-headed ogre (D:8)
  Pikel (D:6)
  Psyche (D:8)
  Prince Ribbit (D:6)
  A hippogriff (D:8)
  Edmund (D:6)
  An orc warrior (D:7)
  2 jellies
  2 black bears
  5 ogres
  A centaur (D:6)
  A big kobold (D:7)
  3 bullfrogs (D:7)
  3 scorpions
  2 water moccasin skeletons
  4 water moccasin zombies (Ossuary)
  3 killer bees (D:7)
  A howler monkey (D:4)
  3 hounds
  3 orc priests
  2 bullfrog skeletons (D:6)
  A centaur skeleton (D:7)
  5 orc wizards
  5 worker ants
  3 big kobold zombies (Ossuary)
  2 hound zombies (D:7)
  2 mummies (Ossuary)
  A hound skeleton (D:4)
  9 gnolls
  A river rat (D:3)
  11 adders
  A shadow imp (D:6)
  An ooze (D:5)
  3 adder zombies
  3 worms
  3 leopard geckos
  23 orcs
  6 giant cockroaches
  11 goblins
  17 hobgoblins
  6 jackals
  16 kobolds
  5 quokkas
  A ball python (D:1)
  4 bats
  4 frilled lizards
  3 gnoll zombies (Ossuary)
  9 hobgoblin zombies (Ossuary)
  2 kobold zombies (Ossuary)
  A leopard gecko skeleton (D:5)
  7 orc zombies (Ossuary)
  A quokka skeleton (D:4)
  9 rats
218 creatures vanquished.

Vanquished Creatures (collateral kills)
  A gnoll (D:7)
1 creature vanquished.

Vanquished Creatures (others)
  An orc warrior (D:7)
  A hound (D:6)
  A worker ant (D:6)
3 creatures vanquished.

Grand Total: 222 creatures vanquished

Notes
Turn   | Place    | Note
-------+----------+-------------------------------------------
     0 | D:1      | tsouns the Octopode Ice Elementalist began the quest for the Orb.
     0 | D:1      | Reached XP level 1. HP: 11/11 MP: 3/3
   330 | D:1      | Reached XP level 2. HP: 16/17 MP: 5/5
   617 | D:1      | Learned a level 2 spell: Throw Frost
   714 | D:1      | Reached XP level 3. HP: 17/21 MP: 3/6
   766 | D:1      | Learned a level 3 spell: Ozocubu's Armour
  1764 | D:2      | Reached XP level 4. HP: 24/27 MP: 5/7
  1918 | D:2      | Found a shadowy altar of Dithmenos.
  2428 | D:2      | Became a worshipper of Dithmenos the Shadowed
  2577 | D:3      | Found a sacrificial altar of Ru.
  2718 | D:3      | Reached XP level 5. HP: 14/31 MP: 4/8
  2849 | D:3      | Reached skill level 1 in Short Blades
  3368 | D:3      | Reached skill level 4 in Ice Magic
  3714 | D:4      | Reached skill level 1 in Fighting
  3714 | D:4      | Reached XP level 6. HP: 38/38 MP: 5/9
  3765 | D:4      | Reached * piety under Dithmenos
  3822 | D:4      | Noticed a phantom
  3870 | D:4      | Found a staircase to the Ecumenical Temple.
  4152 | D:4      | Reached XP level 7. HP: 45/45 MP: 1/10
  4238 | D:4      | Learned a level 4 spell: Throw Icicle
  4463 | D:4      | Reached skill level 5 in Ice Magic
  4606 | D:5      | Entered Level 5 of the Dungeon
  5184 | D:5      | Reached XP level 8. HP: 53/53 MP: 2/13
  5359 | D:5      | Found a deep blue altar of Sif Muna.
  5696 | D:6      | Noticed Sigmund
  5698 | D:6      | Noticed Sigmund
  5698 | D:6      | Sigmund changed into Sigmund the centaur
  5701 | D:6      | Killed Sigmund the centaur
  5784 | D:6      | Found a white marble altar of Elyvilon.
  5822 | D:6      | Reached skill level 5 in Conjurations
  5822 | D:6      | Reached skill level 6 in Ice Magic
  6086 | D:6      | Noticed Edmund
  6088 | D:6      | Noticed Pikel
  6126 | D:6      | Killed Pikel
  6126 | D:6      | Reached ** piety under Dithmenos
  6126 | D:6      | Reached skill level 5 in Stealth
  6126 | D:6      | Reached XP level 9. HP: 35/58 MP: 3/15
  6147 | D:6      | Killed Edmund
  6418 | D:6      | Noticed Prince Ribbit
  6426 | D:6      | Killed Prince Ribbit
  6600 | D:6      | Learned a level 4 spell: Summon Ice Beast
  6743 | D:7      | Reached skill level 1 in Summonings
  6819 | D:7      | Reached skill level 1 in Charms
  6840 | D:7      | Reached skill level 7 in Ice Magic
  7283 | D:7      | Found a sand-covered staircase.
  7298 | Ossuary  | Entered an ossuary
  7588 | Ossuary  | Reached *** piety under Dithmenos
  7633 | Ossuary  | Reached skill level 5 in Dodging
  7973 | D:7      | Reached XP level 10. HP: 42/64 MP: 0/16
  8273 | D:8      | Noticed Psyche
  8285 | D:8      | Noticed a two-headed ogre
  8296 | D:8      | Killed a two-headed ogre
  8573 | D:8      | Killed Psyche
  8671 | D:8      | Reached skill level 8 in Ice Magic
  8903 | D:8      | Noticed a two-headed ogre
  8935 | D:8      | Mangled by a two-headed ogre

Vault maps used:
D:1:      wheals_arrival_shading, minmay_misc_feat_columns
D:2:      lemuel_doored_altar, minmay_goblin_kobold_house
D:3:      old_standard_altar, first_ration, grunt_decor_one_mirror
D:4:      minmay_temple_entry_butterflies, serial_corexii_hall,
          corexii_hall_statues_i, corexii_hall_statues_t, minmay_strange_pillars
D:5:      basic_altar, roderic_serpentine_path
D:6:      elyvilon_altar_5, uniq_edmund, uniq_prince_ribbit1, uniq_sigmund,
          uniq_pikel
D:7:      lightli_ossuary_entry_decrepit_ruins
D:8:      nicolae_overflow_hidden_temple, uniq_psyche
Ossuary:  ossuary_tomb_2

Skill      XL: |  1  2  3  4  5  6  7  8  9 10 |
---------------+-------------------------------+-----
Stealth        | 3 4 5 7 |  7.3
Conjurations   | 2 3 4 5 6 7 |  7.2
Short Blades   | 1 2 |  2.5
Ice Magic      | 4 5 6 7 8 |  8.0
Fighting       | 1 2 3 4 |  4.3
Spellcasting   | 3 4 |  4.0
Dodging        | 3 5 |  5.9
Summonings     | 2 3 |  3.9
Charms         | 1 |  1.0

Action                   |  1- 3 |  4- 6 |  7- 9 | 10-12 || total
-------------------------+-------+-------+-------+-------++-------
Melee: Unarmed           |     7 |       |       |       ||     7
       Dagger            |    36 |    36 |       |       ||    72
       Constrict         |    10 |    11 |    54 |     2 ||    77
       Tentacles         |     5 |     5 |    27 |       ||    37
       Morningstar       |       |    15 |    44 |       ||    59
       Dire flail        |       |       |   121 |     6 ||   127
       Rapier            |       |       |       |     7 ||     7
 Cast: Freeze            |    42 |    74 |   128 |    24 ||   268
       Throw Frost       |       |    14 |    64 |    13 ||    91
       Ozocubu's Armour  |       |     1 |     2 |       ||     3
Evoke: Wand              |       |     8 |     7 |       ||    15
  Use: Scroll            |     7 |     4 |     7 |     1 ||    19
       Potion            |       |     2 |     2 |     2 ||     6
 Stab: Sleeping          |    11 |     3 |     9 |     5 ||    28
       Distracted        |       |     1 |       |       ||     1
  Eat: Chunk             |     3 |     9 |     5 |     2 ||    19
       Ration            |       |       |     3 |       ||     3
Armor: Skin              |     4 |     6 |    27 |       ||    37
Dodge: Dodged            |    27 |    70 |   267 |    40 ||   404

Table legend:
 A = Spawn XP
 B = Non-spawn XP
 C = Spawn XP percentage of total XP
 D = Spawn monster count
 E = Non-spawn monster count
 F = Spawn count percentage of total count
 G = Total turns spent on level
                    A         B        C        D         E        F      G
               +---------+---------+-------+---------+---------+-------+---------
         Total |       0 |    6516 |   0.0 |       0 |     219 |   0.0 |  8935
               +---------+---------+-------+---------+---------+-------+---------
           D:1 |       0 |      62 |   0.0 |       0 |      33 |   0.0 |  1503
           D:2 |       0 |      56 |   0.0 |       0 |      24 |   0.0 |  1238
           D:3 |       0 |     182 |   0.0 |       0 |      24 |   0.0 |  1039
           D:4 |       0 |     543 |   0.0 |       0 |      23 |   0.0 |  1051
           D:5 |       0 |     620 |   0.0 |       0 |      15 |   0.0 |   861
           D:6 |       0 |    1476 |   0.0 |       0 |      18 |   0.0 |  1231
           D:7 |       0 |    1444 |   0.0 |       0 |      45 |   0.0 |  1039
           D:8 |       0 |    1686 |   0.0 |       0 |       6 |   0.0 |   436
       Ossuary |       0 |     447 |   0.0 |       0 |      31 |   0.0 |   537
               +---------+---------+-------+---------+---------+-------+---------
